 Dungeon Crawl Stone Soup version 0.31-a0-765-g67fe2935dc (webtiles) character file.

Game seed: 5027556712037957094

1563 javelincjr the Conjurer (level 8, 0/46 HPs)
             Began as an Octopode Conjurer on Sept 15, 2023.
             Was an Initiate of Vehumet.
             Slain by a hornet (13 damage)
             ... on level 5 of the Dungeon.
             The game lasted 00:19:51 (6734 turns).

javelincjr the Conjurer (Octopode Conjurer)         Turns: 6734, Time: 00:19:51

Health: 0/46       AC:  1    Str:  3 (6)  XL:     8   Next: 89%
Magic:  11/17      EV: 19    Int: 21 (23) God:    Vehumet [......]
Gold:   226        SH:  0    Dex:  9 (10) Spells: 10/19 levels left

rFire   + . .        f - +4 dagger
rCold   . . .        (no shield)
rNeg    . . .        (helmet restricted)
rPois   .            (no amulet)
rElec   .            d - +5 ring of evasion
rCorr   .            s - ring of protection from fire
SInv    .            x - ring of wizardry
Will    .....        (no ring)
Stlth   ++++         (no ring)
HPRegen 0.27/turn    (no ring)
MPRegen 0.15/turn    (no ring)
                     (no ring)

%: wizardry (x1)
@: lethally poisoned (0 -> -14), weakened, slowed, very slow
A: almost no armour, amphibious, 8 rings, camouflage 1, gelatinous body 1,
(nimble swimmer 1), tentacles, tentacle spike 1, deterioration 1, mutation
resistance 1
a: Renounce Religion


You were on level 5 of the Dungeon.
You worshipped Vehumet.
Vehumet was noncommittal.
You visited 2 branches of the dungeon, and saw 6 of its levels.

You collected 265 gold pieces.
You spent 39 gold pieces at shops.

Inventory:

Hand Weapons
 f - a +4 dagger (weapon)
 k - a +0 rapier of draining
Magical Staves
 p - a staff of death
Jewellery
 d - a +5 ring of evasion (left tentacle)
 s - a ring of protection from fire (right tentacle)
 w - an amulet of faith
 x - a ring of wizardry (on tentacle)
Wands
 y - a wand of polymorph (6)
Scrolls
 b - 2 scrolls of teleportation {unknown}
 e - a scroll of vulnerability {unknown}
 h - 2 scrolls of identify {unknown}
 j - a scroll of enchant weapon {unknown}
 n - a scroll of revelation {unknown}
 o - a scroll of noise {unknown}
 r - a scroll of torment {unknown}
 u - 3 scrolls of blinking {unknown}
 v - a scroll of silence {unknown}
 z - a scroll of fog {unknown}
Potions
 c - a potion of degeneration
 g - 2 potions of lignification
 i - 2 potions of invisibility
 l - a potion of curing
 q - a potion of cancellation {unknown}
 t - a potion of ambrosia {unknown}
 A - a potion of berserk rage {unknown}
 B - a potion of heal wounds {unknown}


   Skills:
 + Level 4.6 Dodging
 + Level 6.9 Stealth
 * Level 6.0 Spellcasting
 * Level 7.4 Conjurations


You had 10 spell levels left.
You knew the following spells:

 Your Spells              Type           Power      Damage    Failure   Level
a - Magic Dart            Conj           100%       1d8       1%          1
b - Searing Ray           Conj           74%        2d7       1%          2
c - Call Imp              Summ           12%        N/A       6%          2
d - Iskenderun's Mystic   Conj/Tloc      22%        2d6       9%          4

Your spell library contained the following spells:

 Spells                   Type           Power      Damage    Failure   Level
 Dazzling Flash           Conj/Hex       44%        N/A       2%          3
 Mephitic Cloud           Conj/Pois/Air  16%        N/A       4%          3
 Fulminant Prism          Conj/Hex       11%        3d9       9%          4


Dungeon Overview and Level Annotations

Branches:
Dungeon (5/15)             Temple (1/1) D:5

Altars:
Cheibriados
Dithmenos
Elyvilon
Hepliaklqana
Kikubaaqudgha
Makhleb
Nemelex Xobeh
Okawaru
Qazlal
Ru
Trog
Uskayaw
Vehumet
Wu Jian
Xom
Yredelemnul
Zin

Shops:
D:1 [   D:4 ?*[   D:5 [


Innate Abilities, Weirdness & Mutations

You cannot wear most types of armour.
You are amphibious.
You can wear up to eight rings at the same time.
Your skin changes colour to match your surroundings (Stealth+).
Your rubbery body absorbs attacks. (AC +1, EV +1)
((You are camouflaged when in or above water. (Stealth+)))
You have tentacles for arms and can constrict up to eight enemies at once.
One of your tentacles bears a spike.
Your body sometimes deteriorates upon taking damage.
You are somewhat resistant to further mutation.


Message History

Okay, then.
You climb downwards.
There is a stone staircase leading up here.
Casting: Searing Ray (safe; 1% risk of failure)
Confirm with . or Enter, or press ? or * to list all spells.
A tiny devil pulls itself out of the air.
The gnoll bouda gazes fiercely through you!
You feel your attacks grow feeble.
Casting: Call Imp (safe; 6% risk of failure)
Confirm with . or Enter, or press ? or * to list all spells.
Aiming: Searing Ray (safe; 1% risk of failure)
Press: ? - help, Shift-Dir - straight line, f - hornet
Aim: a hornet (ally target, 71% to hit)
The searing ray hits the hornet!
The hornet is moderately wounded. (Press . to maintain the ray.)
Your cerulean imp hits the hornet from afar with a -4 spear.
The searing ray hits the hornet!
The hornet is heavily wounded.
The hornet stings you!
You are poisoned.
You feel yourself slow down. The hornet barely misses you.
Your cerulean imp misses the hornet.
The searing ray hits the hornet!
The hornet is severely wounded.
You feel very sick. The hornet closely misses you.
The hornet stings you but does no damage.
Your cerulean imp misses the hornet.
The searing ray hits the hornet.
The hornet is almost dead.
You finish channelling your searing ray.
You feel sick. The hornet stings you!
* * * LOW HITPOINT WARNING * * *
Your body deteriorates!
You feel weakened.
You are lethally poisoned!
You feel as though you will be slow longer.
Your cerulean imp hits the hornet from afar with a -4 spear.
The hornet stings you!
You die...

.##.......#.............#..#..
###.......###...#.......##...#
#####......##..##.......# ...#
..###.....##...#..............
#..##.....#..###........###
##...........###..g#...##
###.....###...##..5##.... #
#.....# ###...y.##......
###.....# ###.@....####.
........# #....##..#
....###.#####.(......##
.##.###..##..)##......###
..###....#..(.##........#. .##
..###..#......##.#......... ..###
.......#.........##........ .....
....##.#.........##..#.....##....
'#..#..#............#............


You could see a hornet (ally target), a gnoll bouda and a friendly cerulean imp
(summoned).

Vanquished Creatures
  A troll (D:4)
  Grinder (D:3)
  An ogre (D:5)
  A centaur (D:5)
  A kobold brigand (D:5)
  A bullfrog (D:3)
  5 scorpions
  The ghost of Splishie the Basher, a weakling GnWn (D:3)
  4 crimson imps (D:4)
  2 hounds
  2 sleepcaps
  An iguana (D:4)
  An orc wizard (D:5)
  A gnoll (D:3)
  10 adders
  2 worms (D:3)
  A dart slug (D:1)
  9 orcs
  7 endoplasms
  5 giant cockroaches
  7 hobgoblins
  8 jackals
  8 kobolds
  2 quokkas (D:2)
  7 ball pythons
  11 bats
  5 frilled lizards
  16 goblins
  4 rats
125 creatures vanquished.

Vanquished Creatures (collateral kills)
  A dart slug (D:2)
  A hobgoblin (D:2)
2 creatures vanquished.

Grand Total: 127 creatures vanquished

Notes
Turn   | Place    | Note
-------+----------+-------------------------------------------
     0 | D:1      | javelincjr the Octopode Conjurer began the quest for the
                  | Orb.
     0 | D:1      | Reached XP level 1. HP: 11/11 MP: 3/3
   158 | D:1      | You fall into a shaft and drop 1 floor!
   214 | D:2      | Reached XP level 2. HP: 17/17 MP: 3/5
   470 | D:1      | Reached XP level 3. HP: 16/21 MP: 1/6
  1291 | D:1      | Found Awku's Armour Emporium.
  1989 | D:2      | Reached XP level 4. HP: 27/27 MP: 8/8
  2105 | D:2      | Learned a level 2 spell: Searing Ray
  2108 | D:2      | Learned a level 2 spell: Call Imp
  2842 | D:3      | Found a stormy altar of Qazlal.
  2985 | D:3      | Noticed Grinder
  2995 | D:3      | Paralysed by Grinder for 5 turns
  3004 | D:3      | Killed Grinder
  3005 | D:3      | Reached skill level 5 in Conjurations
  3005 | D:3      | Reached XP level 5. HP: 28/31 MP: 0/10
  3005 | D:3      | Reached XP level 6. HP: 33/36 MP: 0/11
  3303 | D:3      | Found a runed translucent door.
  3835 | D:3      | Noticed Splishie's ghost (weakling GnWn)
  3860 | D:3      | Killed Splishie's ghost
  3861 | D:3      | Reached XP level 7. HP: 29/41 MP: 2/13
  4000 | D:4      | Found Ifridweck's Armour Shop.
  4000 | D:4      | Found Tagg's General Store.
  4000 | D:4      | Found Doqid's Magic Scroll Shop.
  4076 | D:4      | Reached skill level 5 in Stealth
  4658 | D:4      | Reached skill level 6 in Conjurations
  4856 | D:4      | Found a shimmering altar of Xom.
  4868 | D:5      | Entered Level 5 of the Dungeon
  5134 | D:4      | Reached skill level 5 in Spellcasting
  5134 | D:4      | Reached XP level 8. HP: 43/46 MP: 6/15
  5203 | D:4      | Found a sparkling altar of Nemelex Xobeh.
  5279 | D:4      | Bought a potion of curing for 39 gold pieces
  5471 | D:4      | Learned a level 4 spell: Iskenderun's Mystic Blast
  5917 | D:5      | Reached skill level 7 in Conjurations
  5971 | D:5      | Found Dofiuc's Antique Armour Shop.
  6096 | D:5      | Found a staircase to the Ecumenical Temple.
  6198 | Temple   | Entered the Ecumenical Temple
  6215 | Temple   | Became a worshipper of Vehumet
  6435 | D:5      | Noticed a troll
  6445 | D:5      | Noticed a hornet
  6549 | D:4      | Gained mutation: Your body sometimes deteriorates upon
                  | taking damage. [potion of mutation]
  6549 | D:4      | Gained mutation: One of your tentacles bears a spike.
                  | [potion of mutation]
  6549 | D:4      | Gained mutation: You are somewhat resistant to further
                  | mutation. [potion of mutation]
  6549 | D:4      | HP: 2/69 [troll (2)]
  6558 | D:4      | Killed a troll
  6734 | D:5      | Slain by a hornet

Illustrated notes

Levels and vault maps discovered:
D:1:      scummos_arrival_hexagon, layout_basic, serial_shops,
          nicolae_shop_competitors_out_of_business
D:2:      layout_basic, minmay_goblin_outpost
D:3:      minmay_bubble_buster, layout_basic,
          mainiacjoe_overflow_concentric_impassable, ebering_ghost_sewer_d,
          uniq_grinder
D:4:      old_forge, layout_basic, mainiacjoe_overflow_chevrons, led_xom_imps,
          nicolae_shop_distant_corner_stores, corner_web_ring
D:5:      layout_cave_pools, minmay_temple_entry_glassed_door, serial_shops,
          nicolae_shop_rolling_square, minmay_misc_feat_columns,
          minmay_manual_mail
Temple:   nicolae_temple_ecumenical_triangle

Skill      XL: |  1  2  3  4  5  6  7  8 |
---------------+-------------------------+-----
Stealth        | 3 4 5 6 |  6.9
Dodging        | 3 4 |  4.6
Spellcasting   | 3 4 5 6 |  6.0
Conjurations   | 5 6 7 |  7.4

Action                     |  1- 3 |  4- 6 |  7- 9 || total
---------------------------+-------+-------+-------++-------
  Melee: Unarmed           |    23 |       |       ||    23
         Tentacles         |     6 |     5 |    22 ||    33
         Constrict         |     5 |     3 |    18 ||    26
         Dagger            |    11 |    27 |    81 ||   119
         Punch             |       |       |     2 ||     2
   Cast: Magic Dart        |    60 |    61 |    71 ||   192
         Call Imp          |       |     7 |    13 ||    20
         Searing Ray       |       |     3 |    18 ||    21
         Iskenderun's Myst |       |       |     6 ||     6
    Use: Potion            |       |       |     6 ||     6
   Stab: Sleeping          |     2 |     2 |     2 ||     6
 Armour: Skin              |    14 |    15 |    45 ||    74
  Dodge: Dodged            |    20 |    32 |    65 ||   117

Table legend: (Time is in decaauts)
 A = Elapsed time spent in this place.
 B = Non-inter-level travel time spent in this place.
 C = Inter-level travel time spent in this place.
 D = Time resting spent in this place.
 E = Time spent auto-exploring this place.
 F = Levels seen in this place.
 G = Mean time per level.
                   A        B        C        D        E       F      G
               +--------+--------+--------+--------+--------+-----+--------+
         Total |   6734 |   6467 |    267 |    601 |   4901 |   6 | 1122.3 |
       Dungeon |   6700 |   6465 |    235 |    601 |   4901 |   5 | 1340.0 |
        Temple |     34 |      2 |     32 |      0 |      0 |   1 |   34.0 |
               +--------+--------+--------+--------+--------+-----+--------+

Top non-repeatable levels by time:
     D:4: 1781 daAuts
     D:3: 1564 daAuts
     D:1: 1353 daAuts
     D:2: 1131 daAuts
     D:5: 869 daAuts
  Temple: 34 daAuts
